 Dungeon Crawl Stone Soup version 0.30.2 (webtiles) character file.

Game seed: 9856876435313003226

1914 porpoise the Skirmisher (level 8, 0/75 HPs)
             Began as a Minotaur Hunter on Feb 16, 2024.
             Slain by an orc warrior
             ... wielding a +0 scimitar
              (8 damage)
             ... on level 6 of the Dungeon.
             The game lasted 00:11:15 (5478 turns).

porpoise the Skirmisher (Minotaur Hunter)           Turns: 5478, Time: 00:11:16

Health: 0/75       AC:  6    Str: 16    XL:     8   Next: 95%
Magic:  7/7        EV: 11    Int:  6    God:
Gold:   226        SH:  0    Dex: 16    Spells: 7/7 levels left

rFire   . . .        a - +0 shortbow
rCold   . . .        (shield currently unavailable)
rNeg    . . .        y - +0 ring mail
rPois   +            (helmet restricted)
rElec   .            (no cloak)
rCorr   .            (no gloves)
SInv    .            q - +0 pair of boots
Will    .....        (no amulet)
Stlth   +            m - +4 ring of slaying
HPRegen 0.32/turn    r - ring of poison resistance
MPRegen 0.10/turn

%: no passive effects
@: no status effects
A: horns 2, retaliatory headbutt
a: no special abilities


You were on level 6 of the Dungeon.
You visited 1 branch of the dungeon, and saw 6 of its levels.

You collected 478 gold pieces.
You spent 252 gold pieces at shops.

Inventory:

Hand Weapons
 a - a +0 shortbow (weapon)
 b - a +2 dagger of venom
 E - a +0 eveningstar
 I - a +1 dagger of draining
Missiles
 w - 10 javelins
 x - 27 poisoned darts
 C - 3 boomerangs
Armour
 q - a +0 pair of boots (worn)
 y - a +0 ring mail (worn)
Jewellery
 g - a ring of magical power
 l - a ring of magical power
 m - a +4 ring of slaying (left hand)
 r - a ring of poison resistance (right hand)
Wands
 p - a wand of paralysis (1)
 D - a wand of mindburst (11)
Scrolls
 c - a scroll of fear {unknown}
 f - 2 scrolls of immolation
 h - a scroll of blinking
 i - a scroll of teleportation
 j - a scroll of brand weapon {unknown}
 o - a scroll of poison {unknown}
 s - a scroll of magic mapping
 u - 2 scrolls of noise {unknown}
 v - a scroll of enchant weapon {unknown}
 B - a scroll of vulnerability {unknown}
 F - a scroll of amnesia {unknown}
 G - a scroll of enchant armour {unknown}
 H - a scroll of fog {unknown}
 J - a scroll of identify
Potions
 d - 4 potions of brilliance
 e - 6 potions of curing
 n - a potion of might
 t - 2 potions of attraction
 z - 2 potions of berserk rage
 A - a potion of haste


   Skills:
 + Level 8.4 Fighting
 * Level 11.3 Ranged Weapons
 - Level 2.1 Dodging
 - Level 0.7 Stealth


You had 7 spell levels left.
You didn't know any spells.
Your spell library contained the following spells:

 Spells                   Type           Power      Damage    Failure   Level
 Summon Small Mammal      Summ           0%         N/A       67%         1
 Call Canine Familiar     Summ           0%         N/A       96%         3
 Hailstorm                Conj/Ice       0%         3d3       96%         3
 Summon Guardian Golem    Hex/Summ       0%         N/A       96%         3
 Ice Form                 Ice/Tmut       0%         N/A       100%        4
 Simulacrum               Ice/Necr       0%         N/A       100%        6


Dungeon Overview and Level Annotations

Branches:
Dungeon (6/15)
 Temple: D:4-7

Altars:
Makhleb

Shops:
D:4 !


Innate Abilities, Weirdness & Mutations

You have a pair of horns on your head.
You reflexively headbutt those who attack you in melee.


Message History

You are too injured to fight recklessly!
You shoot an arrow. The arrow hits the steam dragon!
The steam dragon is severely wounded.
You are engulfed in a cloud of scalding steam.
An ice beast comes into view.
The orc warrior hits you with a +0 scimitar.
The steam dragon bites you but does no damage.
The steam dragon closely misses you.
You shoot an arrow. The arrow hits the steam dragon.
The steam dragon is almost dead.
You are engulfed in a cloud of scalding steam.
The steam dragon breathes steam at you. The ball of steam hits you!
* * * LOW HITPOINT WARNING * * *
The orc warrior hits you with a +0 scimitar.
* * * LOW HITPOINT WARNING * * *
You shoot an arrow. The arrow hits the steam dragon.
The steam dragon is almost dead.
The orc warrior completely misses you. The steam dragon bites you.
* * * LOW HITPOINT WARNING * * *
The steam dragon claws you but does no damage.
Unknown command.
You feel much better. The steam dragon bites you.
* * * LOW HITPOINT WARNING * * *
The steam dragon closely misses you. The orc warrior barely misses you.
You furiously retaliate!
You headbutt the orc warrior!
You feel much better.
The orc warrior hits you with a +0 scimitar!
The steam dragon breathes steam at you. The ball of steam hits you!
* * * LOW HITPOINT WARNING * * *
You shoot an arrow.
The arrow hits the steam dragon but does no damage.
The steam dragon is almost dead.
You are engulfed in a cloud of scalding steam.
* * * LOW HITPOINT WARNING * * *
The steam dragon closely misses you.
The steam dragon claws you but does no damage.
The orc warrior hits you with a +0 scimitar!
You die...

####....#.#....<. #..#
####.#.#.#..#. . #.!.
###...#.#.#..#. ..#...
##.†...#........ .†...#
#..)...#......##
#....##..###.#.#.#.###
#...Y#...###.#.......#
###...D#...##..#.#.#....
......o@.......#.#.###.#
################........
### #.##.#.###.# ...#
#.##..<.....
#..######...........
#.....##.##.#.###.#
#....##.####.# #.#
#....##.####.# #.#
#..........#.###..


You could see a steam dragon, an orc warrior and an ice beast.

Vanquished Creatures
  Sigmund (D:3)
  A water moccasin (D:6)
  2 ice beasts
  2 black bears
  An ogre (D:5)
  A phantom (D:5)
  A kobold brigand (D:6)
  A bullfrog (D:6)
  2 scorpions
  A howler monkey (D:5)
  A jelly (D:6)
  5 orc priests
  5 hounds
  A gnoll bouda (D:4)
  4 sleepcaps
  6 iguanas
  Robin (D:4)
  3 gnolls (D:4)
  7 adders
  A shadow imp (D:6)
  A worm (D:4)
  A dart slug (D:3)
  11 orcs
  8 ball pythons
  6 bats
  4 endoplasms
  4 giant cockroaches
  10 hobgoblins
  6 jackals (D:2)
  10 kobolds
  5 quokkas
  18 goblins
  5 rats
136 creatures vanquished.

Notes
Turn   | Place    | Note
-------+----------+-------------------------------------------
     0 | D:1      | porpoise the Minotaur Hunter began the quest for the Orb.
     0 | D:1      | Reached XP level 1. HP: 18/18 MP: 0/0
   268 | D:1      | Reached XP level 2. HP: 25/25 MP: 1/1
   444 | D:1      | Reached skill level 5 in Ranged Weapons
   856 | D:2      | Reached XP level 3. HP: 31/31 MP: 2/2
  1543 | D:2      | Found a faded altar of an unknown god.
  1656 | D:3      | Reached XP level 4. HP: 38/38 MP: 3/3
  1795 | D:3      | Noticed Sigmund
  1805 | D:3      | Killed Sigmund
  1806 | D:3      | Reached skill level 6 in Ranged Weapons
  1806 | D:3      | Reached XP level 5. HP: 26/47 MP: 4/4
  2508 | D:3      | Reached skill level 7 in Ranged Weapons
  2656 | D:4      | Reached XP level 6. HP: 53/53 MP: 5/5
  2715 | D:4      | Reached skill level 5 in Fighting
  2775 | D:4      | Found a burning altar of Makhleb.
  2925 | D:4      | Noticed Robin
  2931 | D:4      | Killed Robin
  3360 | D:4      | Reached skill level 8 in Ranged Weapons
  3360 | D:4      | Reached XP level 7. HP: 61/61 MP: 6/6
  3532 | D:4      | Found Zaibyxext's Distillery.
  3541 | D:4      | Bought a potion of curing for 42 gold pieces
  3541 | D:4      | Bought a potion of haste for 140 gold pieces
  3541 | D:4      | Bought a potion of heal wounds for 70 gold pieces
  3679 | D:5      | Entered Level 5 of the Dungeon
  4053 | D:5      | Reached skill level 9 in Ranged Weapons
  4281 | D:5      | Reached XP level 8. HP: 71/71 MP: 7/7
  4756 | D:6      | Reached skill level 10 in Ranged Weapons
  5283 | D:6      | Reached skill level 11 in Ranged Weapons
  5478 | D:6      | Slain by an orc warrior

Illustrated notes

Levels and vault maps discovered:
D:1:      ebering_trefoil_twist, layout_basic
D:2:      layout_loops_ring, shapermc_ecumenical_altar_hornbeckon
D:3:      layout_basic, uniq_sigmund
D:4:      black_bear_nest_1, layout_layer_cave, amcnicky_altar_gilded,
          serial_shops, nicolae_square_shop, uniq_robin
D:5:      layout_gridville
D:6:      minmay_recursive_quarters, layout_basic

Skill      XL: |  1  2  3  4  5  6  7  8 |
---------------+-------------------------+-----
Ranged Weapons | 5 6 7 8 9 11 | 11.3
Fighting       | 3 4 5 6 8 |  8.4
Dodging        | |  2.1
Stealth        | |  0.7

Action                     |  1- 3 |  4- 6 |  7- 9 || total
---------------------------+-------+-------+-------++-------
  Melee: Dagger            |       |       |     4 ||     4
         Headbutt          |       |       |     1 ||     1
   Fire: Shortbow          |    91 |    96 |   174 ||   361
    Use: Scroll            |       |     5 |     4 ||     9
         Potion            |       |       |     2 ||     2
 Armour: Leather armour    |     4 |     1 |       ||     5
         Ring mail         |       |    14 |    31 ||    45
  Dodge: Dodged            |    34 |    12 |    47 ||    93
